 Dungeon Crawl Stone Soup version 0.27-a0-1595-g0b823d0a13 (webtiles) character file.

Game seed: 2271164924170654546

137 zazu2006 the Magician (level 5, -1/34 HPs)
             Began as a Naga Hedge Wizard on July 20, 2021.
             Slain by a quokka (3 damage)
             ... in a sewer.
             The game lasted 00:04:42 (2569 turns).

zazu2006 the Magician (Naga Hedge Wizard)           Turns: 2569, Time: 00:04:43

Health: -1/34      AC:  2    Str: 12    XL:     5   Next: 20%
Magic:  0/12       EV: 10    Int: 16    God:
Gold:   84         SH:  0    Dex: 10    Spells: 4/13 levels left

rFire    . . .     SeeInvis +   e - +2 dagger (speed)
rCold    . . .     Faith    .   (no shield)
rNeg     . . .     Spirit   .   b - +0 robe
rPois    +         Reflect  .   c - +0 hat
rElec    .         Harm     .   (no cloak)
rCorr    .         Rampage  .   (no gloves)
Will     .....                  (no barding)
Stlth    ++........             (no amulet)
HPRegen  0.11/turn              (no ring)
MPRegen  0.13/turn              (no ring)

@: short of breath, very slow
A: AC +1, large, see invisible, deformed body, poison resistance, slowness 2,
spit poison 1, naga tail 1, frail 2
a: Spit Poison


You were in a sewer.
You visited 1 branch of the dungeon, and saw 3 of its levels.
You also visited: Sewer.

You collected 84 gold pieces.

Inventory:

Hand Weapons
 e - a +2 dagger of speed (weapon)
Missiles
 a - 6 atropa-tipped darts
Armour
 b - a +0 robe (worn)
 c - a +0 hat (worn)
Scrolls
 f - a scroll of blinking {unknown}
 g - a scroll of fear {unknown}
 h - a scroll of vulnerability {unknown}


   Skills:
 + Level 0.4 Fighting
 + Level 1.9 Dodging
 + Level 3.7 Stealth
 + Level 4.6 Spellcasting
 + Level 1.8 Conjurations
 + Level 1.1 Summonings
 + Level 1.0 Translocations


You had 4 spell levels left.
You knew the following spells:

 Your Spells              Type           Power      Damage    Failure   Level
a - Magic Dart            Conj           36%        1d4       8%          1
b - Mephitic Cloud        Conj/Pois/Air  5%         N/A       36%         3
c - Conjure Flame         Conj/Fire      6%         6-21      32%         3
d - Blink                 Tloc           N/A        N/A       16%         2

Your spell library contained the following spells:

 Spells                   Type           Power      Damage    Failure   Level
 Call Imp                 Summ           7%         N/A       14%         2
 Slow                     Hex            3%         N/A       24%         2
 Dazzling Flash           Conj/Hex       12%        N/A       32%         3
 Agony                    Necr           3%         N/A       99%         5
 Silence                  Hex/Air        1%         N/A       99%         5


Dungeon Overview and Level Annotations

Branches:
Dungeon (3/15)              Sewer (1/1)

Altars:


Innate Abilities, Weirdness & Mutations

Your serpentine skin is tough. (AC +1)
You have supernaturally acute eyesight. (SInv)
Armour fits poorly on your strangely shaped body.
Your system is resistant to poisons. (rPois)
You cover ground very slowly.
You can spit poison.
You have a snake-like lower body.
You are very frail. (-20% HP)


Message History

The frilled lizard barely misses you. The quokka misses you.
The giant cockroach bites you.
It was a potion of mutation.
You feel extremely strange.
You feel frail. x2
You have got your breath back.
The frilled lizard bites you. The quokka bites you.
The giant cockroach closely misses you.
Unknown command.
You hit the giant cockroach.
You kill the giant cockroach!
The quokka bites you.
The frilled lizard bites you but does no damage.
You hit the frilled lizard.
You kill the frilled lizard!
The quokka bites you.
* * * LOW HITPOINT WARNING * * *
Your magical contamination has completely faded away.
Press: ? - help, Shift-Dir - straight line, f - quokka
Aim: a quokka The splash of poison hits the quokka.
The quokka is poisoned.
The quokka is moderately wounded.
The quokka closely misses you. x2; The quokka bites you.
* * * LOW HITPOINT WARNING * * *
Unknown command.
Casting: Magic Dart (safe; 8% risk of failure)
Confirm with . or Enter, or press ? or * to list all spells.
Aiming: Magic Dart (safe; 8% risk of failure)
Press: ? - help, Shift-Dir - straight line, f/p - quokka
Aim: a quokka (severely wounded, poisoned, 100% to hit)
The magic dart hits the quokka.
The quokka is almost dead.
You kill the quokka!
The quokka misses you.
You aren't carrying any potions.
The quokka bites you.
* * * LOW HITPOINT WARNING * * *
The quokka bites you but does no damage.
There is a gate leading back out of this place, spattered with blood here.
The quokka bites you.
You die...

#### ###∩@###
#..r†..####..
#....∩......≈
#..........l.
##.....##.###
##...## #
#####


You could see a quokka and a frilled lizard (asleep).

Vanquished Creatures
  A howler monkey (D:2)
  An iguana (D:2)
  5 worms
  2 ball pythons
  8 endoplasms
  4 giant cockroaches
  6 goblins
  3 hobgoblins
  4 quokkas
  6 bats
  3 frilled lizards
  5 kobolds
  9 rats
57 creatures vanquished.

Notes
Turn   | Place    | Note
-------+----------+-------------------------------------------
     0 | D:1      | zazu2006 the Naga Hedge Wizard began the quest for the Orb.
     0 | D:1      | Reached XP level 1. HP: 15/15 MP: 4/4
   449 | D:1      | Reached XP level 2. HP: 22/22 MP: 6/6
  1311 | D:2      | Reached XP level 3. HP: 28/28 MP: 6/8
  1315 | D:2      | Learned a level 3 spell: Mephitic Cloud
  1319 | D:2      | Learned a level 3 spell: Conjure Flame
  1322 | D:2      | Learned a level 2 spell: Blink
  1335 | D:2      | Reached skill level 4 in Spellcasting
  1461 | D:2      | Reached XP level 4. HP: 34/36 MP: 1/10
  1989 | D:2      | Found a faded altar of an unknown god.
  2132 | D:2      | Reached XP level 5. HP: 43/43 MP: 8/11
  2539 | D:3      | Found a glowing drain.
  2554 | Sewer    | Entered a sewer
  2562 | Sewer    | Gained mutation: You are frail. (-10% HP) [potion of
                  | mutation]
  2562 | Sewer    | Gained mutation: You are very frail. (-20% HP) [potion of
                  | mutation]
  2569 | Sewer    | Slain by a quokka

Illustrated notes

Levels and vault maps discovered:
D:1:      nzn_arrival_settlement, layout_loops_corners
D:2:      layout_basic, basic_ecumenical_altar
D:3:      minmay_spotlight, layout_loops_ring, gup_sewer_entry_spiral,
          uniq_terence, uniq_crazy_yiuf_cottage
Sewer:    sewer_fruit_machine

Skill      XL: |  1  2  3 |
---------------+----------+-----
Spellcasting   | 4 |  4.6
Fighting       | |  0.4
Dodging        | |  1.9
Stealth        | |  3.7
Conjurations   | |  1.8
Summonings     | |  1.1
Translocations | |  1.0

Action                   |  1- 3 |  4- 6 || total
-------------------------+-------+-------++-------
Melee: Dagger            |     6 |    13 ||    19
 Cast: Magic Dart        |    53 |    69 ||   122
 Abil: Spit Poison       |    14 |    15 ||    29
  Use: Potion            |       |     1 ||     1
 Stab: Sleeping          |       |     2 ||     2
Armor: Robe              |     1 |     8 ||     9
Dodge: Dodged            |     6 |    18 ||    24

Table legend: (Time is in decaauts)
 A = Elapsed time spent in this place.
 B = Non-inter-level travel time spent in this place.
 C = Inter-level travel time spent in this place.
 D = Time resting spent in this place.
 E = Time spent auto-exploring this place.
 F = Levels seen in this place.
 G = Mean time per level.
                   A        B        C        D        E       F      G
               +--------+--------+--------+--------+--------+-----+--------+
         Total |   3158 |   3122 |     36 |     52 |   2652 |   4 |  789.5 |
       Dungeon |   3142 |   3106 |     36 |     52 |   2652 |   3 | 1047.3 |
         Sewer |     15 |     15 |      0 |      0 |      0 |   1 |   15.0 |
               +--------+--------+--------+--------+--------+-----+--------+

Top non-repeatable levels by time:
     D:1: 1628 daAuts
     D:2: 1309 daAuts
     D:3: 204 daAuts
   Sewer: 15 daAuts
